 Dungeon Crawl Stone Soup version 0.19.0-2-gae57169 (webtiles) character file.

912 Malachi the Digger (level 7, -42/61 HPs)
             Began as a Deep Dwarf Earth Elementalist on Oct 31, 2016.
             Killed from afar by a quokka skeleton (56 damage)
             ... with an exploding inner flame
             ... hexed by the player character
             ... on level 5 of the Dungeon on Nov 4, 2016.
             The game lasted 00:14:13 (3566 turns).

Malachi the Digger (Deep Dwarf Earth Elementalist)  Turns: 3566, Time: 00:14:14

Health: -42/61     AC:  3    Str: 11    XL:     7   Next: 82%
Magic:  21/21      EV: 14    Int: 18    God:
Gold:   177        SH:  0    Dex: 13    Spells: 1 memorised, 12 levels left

rFire  . . .     SeeInvis .     n - +2 spear (venom)
rCold  . . .     Gourm    .     c - +0 robe
rNeg   . . .     Faith    .     (no shield)
rPois  .         Spirit   .     (no helmet)
rElec  .         Reflect  .     r - +0 cloak
rCorr  .         Harm     +     (no gloves)
MR     +....                    (no boots)
Stlth  +++.......               g - amulet of harm
                                (no ring)
                                o - ring of magical power

@: non-regenerating
A: damage resistance, recharge devices, sense surroundings 1, slow regeneration
3
a: Device Recharging


You were on level 5 of the Dungeon.
You were not hungry.

You visited 1 branch of the dungeon, and saw 5 of its levels.

You collected 177 gold pieces.

Inventory:

Hand Weapons
 a - a +0 dagger
 n - a +2 spear of venom (weapon)
 t - a +1 trident of protection
Missiles
 b - 142 stones (quivered)
Armour
 c - a +0 robe (worn)
 r - a +0 cloak (worn)
Jewellery
 g - an amulet of harm (around neck)
 o - a ring of magical power (left hand)
 w - an uncursed ring of magical power
Wands
 d - a wand of heal wounds (0/9)
Scrolls
 h - 2 scrolls of remove curse
 x - a scroll of identify
Potions
 p - a potion of curing
 u - a potion of lignification
 v - a potion of cure mutation
Books
 e - a book of Geomancy

   Spells                             Type                      Level
   a - Sandblast                      Earth                        1
   b - Passwall                       Transmutation/Earth          2
   c - Stone Arrow                    Conjuration/Earth            3
   d - Petrify                        Transmutation/Earth          4
   e - Lee's Rapid Deconstruction     Earth                        5
Comestibles
 f - a bread ration
 i - 3 meat rations
 j - a slice of pizza
 k - 8 fruits
 A - 3 chunks of flesh


   Skills:
 + Level 2.6 Fighting
 + Level 0.5 Short Blades
 + Level 3.3 Polearms
 + Level 4.1 Dodging
 + Level 4.4 Stealth
 + Level 3.5 Spellcasting
   Level 0.8 Transmutations
 + Level 6.7 Earth Magic
 + Level 1.1 Evocations


You had 12 spell levels left.
You knew the following spells:

 Your Spells              Type           Power        Failure   Level  Hunger
a - Sandblast             Erth           ####..       1%          1    None


Dungeon Overview and Level Annotations

Branches:
Dungeon (5/15)
 Temple: D:4-7

Altars:
Cheibriados
Dithmenos
Fedhas
Gozag
Okawaru
Ru
Sif Muna
Vehumet

Annotations:
D:3 zigs's ghost, amateur KoAr
D:5 Sigmund


Innate Abilities, Weirdness & Mutations

You are resistant to damage.
You can recharge devices by infusing magical energy.
You passively map a small area around you.
You do not regenerate.


Message History

The creatures around you are filled with an inner flame!
It was a scroll of immolation.
Sigmund mumbles some strange words.
Sigmund flickers and vanishes!
Deactivating autopickup; reactivate with Ctrl-A.
The quokka skeleton closely misses you. The quokka skeleton misses you.
Attack whom?
Press: ? - help, Dir - move target cursor The quokka skeleton is in the way.
You hit the quokka skeleton.
The quokka skeleton is almost destroyed.
Something barely misses you.
The quokka skeleton completely misses you.
Attack whom?
Press: ? - help, Dir - move target cursor The quokka skeleton is in the way.
You hit the quokka skeleton.
The quokka skeleton explodes!
The fiery explosion engulfs you!
Ouch! That really hurt!
You die...

#.#.##.###.....#
#..@......#
#.#.##.# #.....#
#.........#
#......# #.....#
##...>@..##
.....### #>....#
##Z....## .....#
#.....# #.@..,*
.....# #######
#.#.#,# .....#
#.#.#.# .....#
#########.....#
##.###
#....@ยง{Z...#**
#...#####
#.###########
#.#.....# ##.##
#...###.# #.#.#
##### #.####.##
#......#
########


You could see an adder zombie.

Vanquished Creatures
  Prince Ribbit (D:5)
  An orc warrior (D:5)
  An ogre (D:5)
  A crimson imp (D:5)
  A gnoll shaman (D:4)
  2 iguanas (D:4)
  An orc priest (D:5)
  An orc wizard (D:5)
  A bullfrog skeleton (D:4)
  5 worker ants
  2 hound skeletons
  9 gnolls
  3 adders
  An adder zombie (D:5)
  A worm (D:2)
  3 dart slugs
  3 leopard geckos
  5 orcs
  3 ball pythons
  4 giant cockroaches
  2 hobgoblins
  9 jackals
  3 kobolds
  2 quokkas
  3 bats (D:2)
  7 frilled lizards
  5 goblins
  5 rats
85 creatures vanquished.

Notes
Turn   | Place    | Note
-------+----------+-------------------------------------------
     0 | D:1      | Malachi the Deep Dwarf Earth Elementalist began the quest for the Orb.
     0 | D:1      | Reached XP level 1. HP: 15/15 MP: 3/3
   230 | D:1      | Reached XP level 2. HP: 22/22 MP: 2/4
   848 | D:1      | Reached skill level 5 in Earth Magic
   848 | D:1      | Reached XP level 3. HP: 22/28 MP: 0/6
   994 | D:2      | Reached XP level 4. HP: 28/36 MP: 0/7
  1823 | D:3      | Noticed zigs's ghost (amateur KoAr)
  2134 | D:4      | Reached XP level 5. HP: 10/43 MP: 7/9
  2237 | D:4      | Found an iron altar of Okawaru.
  2240 | D:4      | Found a shadowy altar of Dithmenos.
  2240 | D:4      | Found a snail-covered altar of Cheibriados.
  2288 | D:4      | Found a sacrificial altar of Ru.
  2293 | D:4      | Found a blossoming altar of Fedhas.
  2295 | D:4      | Found an opulent altar of Gozag.
  2296 | D:4      | Found a radiant altar of Vehumet.
  2315 | D:4      | Reached skill level 6 in Earth Magic
  2364 | D:4      | Found a deep blue altar of Sif Muna.
  2424 | D:4      | Reached skill level 1 in Fighting
  2424 | D:4      | Reached XP level 6. HP: 14/51 MP: 10/10
  2441 | D:4      | Reached skill level 1 in Polearms
  2792 | D:4      | You fall through a shaft!
  2792 | D:5      | Entered Level 5 of the Dungeon
  2841 | D:5      | Noticed Sigmund
  2873 | D:5      | Reached skill level 1 in Evocations
  2894 | D:5      | Upgraded the game from 0.19-b1-4-gd8a0a2a to 0.19.0-2-gae57169
  3084 | D:5      | Reached XP level 7. HP: 37/58 MP: 12/12
  3260 | D:5      | Noticed Prince Ribbit
  3289 | D:5      | Killed Prince Ribbit
  3566 | D:5      | Killed from afar by a quokka skeleton

Skill      XL: |  1  2  3  4  5  6  7 |
---------------+----------------------+-----
Spellcasting   | 2 3 |  3.5
Earth Magic    | 5 6 |  6.7
Dodging        | 3 4 |  4.1
Fighting       | 1 2 |  2.6
Stealth        | 3 4 |  4.4
Polearms       | 1 3 |  3.3
Evocations     | 1 |  1.1
Short Blades   | |  0.5
Transmutations | |  0.8

Action                   |  1- 3 |  4- 6 |  7- 9 || total
-------------------------+-------+-------+-------++-------
Melee: Dagger            |    13 |     6 |       ||    19
       Spear             |       |   146 |    26 ||   172
 Cast: Sandblast         |    42 |    22 |       ||    64
Evoke: Wand              |       |     4 |     1 ||     5
  Use: Potion            |       |     3 |     1 ||     4
       Scroll            |       |     2 |     6 ||     8
 Stab: Sleeping          |       |     8 |       ||     8
  Eat: Chunk             |     1 |     7 |     1 ||     9
Armor: Robe              |     8 |    28 |     2 ||    38
Dodge: Dodged            |    43 |    96 |    21 ||   160
